 Dungeon Crawl Stone Soup version 0.31.0-32-g396128a36d (webtiles) character file.

Game seed: 12544812343210732061

12689 Doomgape the Grappler (level 11, 0/113 HPs)
             Began as a Troll Berserker on Mar 15, 2024.
             Was a High Priest of Trog.
             Slain by Jorgrun
             ... wielding a +0 heavy quarterstaff
              (4 damage)
             ... while petrified by Jorgrun
             ... on level 12 of the Dungeon.
             The game lasted 00:39:46 (8785 turns).

Doomgape the Grappler (Troll Berserker)             Turns: 8785, Time: 00:39:47

Health: 0/113      AC: 10    Str: 31    XL:     11   Next: 65%
Magic:  10/10      EV:  1    Int:  3    God:    Trog [*****.]
Gold:   421        SH:  0    Dex: 11    Spells: 10/10 levels left

rFire   + .          .
                       - Unarmed
rCold   + . .        (no shield)
rNeg    + + +        o - +0 steam dragon scales
rPois   ∞            (helmet restricted)
rElec   +            v - +2 cloak
rCorr   +            (gloves unavailable)
SInv    .            (boots unavailable)
Will    .....        A - amulet of the acrobat
Stlth   ++           p - ring of positive energy
HPRegen 1.18/turn    (no ring)
MPRegen 0.12/turn

%: acrobat
@: resistant, petrified
A: large, unfitting armour, claws 3, regeneration 1, shaggy fur 1, tough skin 1,
hooves 1, thin skeletal structure 1, wild magic 1, persistent drain
a: Renounce Religion, Berserk, Trog's Hand, Brothers in Arms


You were on level 12 of the Dungeon.
You worshipped Trog.
Trog was extremely pleased with you.
You visited 2 branches of the dungeon, and saw 13 of its levels.
You also visited: Bailey.

You collected 773 gold pieces.
You spent 352 gold pieces at shops.

Inventory:

Hand Weapons
 l - the +27 heavy crossbow "Sniper" {heavy, Acc+∞ SInv}
   (You found it in a bailey)

   Acc+∞: It never misses its target.
   SInv:      It lets you see invisible.
Armour
 o - +0 steam dragon scales (worn)
 v - a +2 cloak (worn)
Jewellery
 d - a ring of fire
 p - a ring of positive energy (left claw)
 s - a ring of ice
 A - an amulet of the acrobat (around neck)
Wands
 b - a wand of polymorph (11)
 c - a wand of mindburst (8)
 j - a wand of charming (13)
 n - a wand of flame (20)
Scrolls
 a - 3 scrolls of revelation
 e - 8 scrolls of teleportation
 f - 4 scrolls of identify
 i - 3 scrolls of poison
 m - a scroll of enchant weapon
 u - a scroll of immolation
 y - a scroll of blinking
Potions
 g - a potion of attraction {unknown}
 h - a potion of mutation
 k - a potion of might {unknown}
 q - 2 potions of brilliance
 r - 2 potions of haste
 t - a potion of enlightenment {unknown}
 w - 2 potions of curing
Miscellaneous
 z - a phantom mirror


   Skills:
 - Level 8.3 Fighting
 - Level 3.9 Ranged Weapons
 - Level 8.2 Dodging
 + Level 12.5 Unarmed Combat


You had 10 spell levels left.
You didn't know any spells.
Your spell library was empty.

Dungeon Overview and Level Annotations

Branches:
Dungeon (12/15)            Temple (1/1) D:5            Lair (0/5) D:9
    Orc (0/2) D:11         Bailey (visited)

Altars:
Ashenzari
Cheibriados
Dithmenos
Elyvilon
Fedhas
Gozag
Hepliaklqana
Kikubaaqudgha
Makhleb
Nemelex Xobeh
Okawaru
Qazlal
Ru
Sif Muna
Trog
Uskayaw
Vehumet
Wu Jian
Xom
Yredelemnul
Zin
The Shining One

Shops:
D:2 ?[*[   D:9 [   D:11 !*:*?

Portals:
Trove: D:10 (give +2 storm dragon scales)

Annotations:
D:12 Jorgrun
Temple 2 transporters


Innate Abilities, Weirdness & Mutations

You are too large for most types of armour.
You have claws for hands.
Your natural rate of healing is unusually fast.
You are covered in fur. (AC +1)
You have tough skin. (AC +1)
You have large cloven feet.
You have a somewhat thin skeletal structure. (Dex +2, Stealth+)
Your spells are a little harder to cast, but a little more powerful.
Your health recovers twice as slowly from being drained.


Message History

Jorgrun casts a spell at you. The iron shot hits you!!! Jorgrun misses you.
You claw Jorgrun!
Jorgrun is lightly wounded.
You claw Jorgrun! Your kick misses Jorgrun.
Jorgrun is moderately wounded.
Jorgrun hits you with a +0 heavy quarterstaff!
You closely miss Jorgrun. You kick Jorgrun, but do no damage.
Jorgrun is moderately wounded.
You mangle Jorgrun!!
Jorgrun is moderately wounded.
Jorgrun hits you with a +0 heavy quarterstaff!
You mangle Jorgrun!!
Jorgrun is severely wounded.
You miss Jorgrun.
Jorgrun is severely wounded.
Jorgrun points at you and mumbles some strange words.
You are slowing down.
Unknown command.
You mangle Jorgrun!! Your kick misses Jorgrun.
Jorgrun is almost dead.
Jorgrun hits you with a +0 heavy quarterstaff!
Your limbs are stiffening.
Unknown command.
You miss Jorgrun. Your kick misses Jorgrun.
Jorgrun is almost dead.
Jorgrun hits you with a +0 heavy quarterstaff!!
You have turned to stone.
Jorgrun hits you with a +0 heavy quarterstaff!
* * * LOW HITPOINT WARNING * * *
Jorgrun hits you with a +0 heavy quarterstaff!!
* * * LOW HITPOINT WARNING * * *
Jorgrun casts a spell at you. The iron shot hits you!!!
* * * LOW HITPOINT WARNING * * *
Jorgrun says, "Yer just na down-ta-earth enough."
Jorgrun points at you and mumbles some strange words.
Jorgrun hits you with a +0 heavy quarterstaff!
You die...

## #.# #.# #.#
##.# ##.##
#@..######+##
.#####
#.g##.'.##....#
.....#
#.......#.##....#
.....# #
#######.#.##....#
.....#.+
.<#.##....#
.....#.
.###.##....#
...... #.
#..#....# .....#
# ##.'....#
.....# ###....#


You could see Jorgrun.

Vanquished Creatures
  A two-headed ogre (D:8)
  Pikel (D:7)
  A deep elf pyromancer (D:12)
  An ugly thing (D:11)
  Joseph (D:8)
  A gargoyle (D:10)
  2 unseen horrors
  3 trolls
  Grinder (D:4)
  A hornet (D:9)
  A shadow (D:11)
  A wyvern (D:9)
  9 yaks
  A wraith (D:11)
  A basilisk (D:12)
  3 steam dragons
  A warg (D:9)
  Menkaure (D:4)
  2 water moccasins
  7 orc warriors
  An ice beast (D:7)
  2 black bears (D:7)
  An ogre (D:4)
  2 wolves (D:9)
  A lemure (D:7)
  3 centaurs
  3 phantoms
  10 kobold brigands
  7 bullfrogs
  A scorpion (D:6)
  15 wights
  2 troll zombies (D:11)
  20 killer bees
  2 howler monkeys (D:11)
  An electric eel (D:11)
  2 jellies (D:5)
  2 bombardier beetles
  3 hounds
  3 orc priests
  A gnoll bouda (D:7)
  5 iguanas
  2 sleepcaps
  Jessica (D:2)
  12 orc wizards
  Ijyb (D:4)
  6 ogre zombies (D:11)
  Robin (D:2)
  4 gnolls (D:7)
  8 adders
  A white imp (D:5)
  4 ufetubi (D:6)
  5 dart slugs
  A ribbon worm (D:3)
  30 orcs
  3 endoplasms
  A giant cockroach (D:2)
  14 goblins
  11 hobgoblins
  8 jackals
  4 quokkas
  2 ball pythons
  5 bats
  3 frilled lizards (D:2)
  2 gnoll skeletons (D:11)
  2 gnoll zombies (D:11)
  28 kobolds
  An orc skeleton (D:11)
  20 orc zombies (D:11)
  6 rats
313 creatures vanquished.

Notes
Turn   | Place    | Note
-------+----------+-------------------------------------------
     0 | D:1      | Doomgape the Troll Berserker began the quest for the Orb.
     0 | D:1      | Reached XP level 1. HP: 22/22 MP: 0/0
    22 | D:1      | Noticed an eye of devastation
    24 | D:1      | Found a faded altar of an unknown god.
    45 | D:1      | Noticed a golden eye
    49 | D:1      | Noticed an eye of devastation
    49 | D:1      | Noticed a glass eye
   100 | D:1      | Reached XP level 2. HP: 29/29 MP: 1/1
   869 | D:2      | Reached XP level 3. HP: 36/36 MP: 2/2
   918 | D:2      | Reached ** piety under Trog
   992 | D:2      | Found Kana's Antique Armour Shop.
   998 | D:2      | Found Ofeelad's Assorted Antiques.
  1028 | D:2      | Found Inapec's Antique Armour Shop.
  1097 | D:2      | Noticed Jessica
  1101 | D:2      | Killed Jessica
  1102 | D:2      | Reached XP level 4. HP: 39/45 MP: 3/3
  1105 | D:2      | Noticed Robin
  1122 | D:2      | Gained mutation: You have hidden genetic potential. [potion
                  | of mutation]
  1122 | D:2      | Gained mutation: You have a somewhat thin skeletal
                  | structure. (Dex +2, Stealth+) [potion of mutation]
  1122 | D:2      | Gained mutation: Your health recovers twice as slowly from
                  | being drained. [potion of mutation]
  1135 | D:2      | Killed Robin
  1516 | D:2      | Found Kuboinop's Magic Scroll Emporium.
  1781 | D:3      | Reached skill level 4 in Unarmed Combat
  2112 | D:3      | Reached XP level 5. HP: 53/53 MP: 4/4
  2490 | D:4      | Noticed Menkaure
  2511 | D:4      | Killed Menkaure
  2512 | D:4      | Reached XP level 6. HP: 39/62 MP: 5/5
  2529 | D:4      | Gained mutation: Your spells are a little harder to cast,
                  | but a little more powerful. [hidden potential]
  2576 | D:4      | Found a shadowy altar of Dithmenos.
  2580 | D:4      | Reached *** piety under Trog
  2607 | D:4      | Noticed Ijyb
  2640 | D:4      | Killed Ijyb
  2643 | D:4      | Noticed Grinder
  2654 | D:4      | Paralysed by Grinder for 3 turns
  2665 | D:4      | Paralysed by Grinder for 5 turns
  2683 | D:4      | Killed Grinder
  2684 | D:4      | Reached skill level 5 in Unarmed Combat
  2775 | D:4      | Reached XP level 7. HP: 69/71 MP: 6/6
  2785 | D:4      | Gained mutation: You have large cloven feet. [hidden
                  | potential]
  2785 | D:4      | Lost mutation: You have hidden genetic potential. [hidden
                  | potential expressed]
  3166 | D:5      | Entered Level 5 of the Dungeon
  3442 | D:5      | Found a staircase to the Ecumenical Temple.
  3451 | Temple   | Found a transporter.
  3451 | Temple   | Found a transporter.
  3451 | Temple   | Found a transporter.
  3451 | Temple   | Found a transporter.
  3451 | Temple   | Entered the Ecumenical Temple
  3760 | D:6      | Reached skill level 5 in Fighting
  3765 | D:6      | Reached skill level 5 in Dodging
  3765 | D:6      | Reached skill level 6 in Unarmed Combat
  3766 | D:6      | Noticed a steam dragon
  3776 | D:6      | Killed a steam dragon
  3777 | D:6      | Reached XP level 8. HP: 28/80 MP: 7/7
  3918 | D:6      | Found an iron altar of Okawaru.
  4131 | D:6      | Reached **** piety under Trog
  4154 | D:6      | Reached skill level 7 in Unarmed Combat
  4716 | D:7      | Reached XP level 9. HP: 64/86 MP: 8/8
  4886 | D:7      | Noticed Pikel
  4900 | D:7      | Killed Pikel
  4901 | D:7      | Reached skill level 8 in Unarmed Combat
  5370 | D:8      | Noticed a two-headed ogre
  5378 | D:8      | Killed a two-headed ogre
  5379 | D:8      | Reached XP level 10. HP: 102/102 MP: 9/9
  5523 | D:8      | Reached skill level 9 in Unarmed Combat
  5794 | D:8      | Noticed Joseph
  5806 | D:8      | Killed Joseph
  5842 | D:8      | Found a flagged portal.
  5860 | Bailey   | Entered a bailey
  6072 | Bailey   | Found the +27 heavy crossbow "Sniper" {heavy, Acc+∞ SInv}
  6073 | Bailey   | Found a bloodstained altar of Trog.
  6104 | Bailey   | Identified the +0 plate armour of Twilight {Regen+}
  6397 | D:8      | Found a hide-covered altar of Uskayaw.
  6701 | D:9      | Reached skill level 1 in Ranged Weapons
  6733 | D:9      | Reached ***** piety under Trog
  6918 | D:9      | Reached XP level 11. HP: 113/113 MP: 10/10
  6929 | D:9      | Found a staircase to the Lair.
  7071 | D:9      | Found Keirus's Armour Emporium.
  7395 | D:10     | Entered Level 10 of the Dungeon
  7457 | D:10     | Reached skill level 10 in Unarmed Combat
  7499 | D:10     | Found a portal to a secret trove of treasure.
  7628 | D:11     | Found Azimp's Assorted Antiques.
  7629 | D:11     | Found Hiqefucen's Book Emporium.
  7718 | D:11     | Found a staircase to the Orcish Mines.
  7758 | D:11     | Received a gift from Trog
  7838 | D:11     | Reached skill level 11 in Unarmed Combat
  7879 | D:11     | Found Ruysch Ifres's Distillery.
  7918 | D:11     | Bought a potion of curing for 51 gold pieces
  7918 | D:11     | Bought a potion of resistance for 170 gold pieces
  7964 | D:11     | Found Suskop's Magic Scroll Shop.
  7972 | D:11     | Bought a scroll of blinking for 105 gold pieces
  7995 | D:11     | Noticed a cyan ugly thing
  8008 | D:11     | Killed a cyan ugly thing
  8034 | D:11     | Found Tinomme's General Store.
  8191 | D:11     | Bought a scroll of identify for 26 gold pieces
  8283 | D:11     | Found a sparkling altar of Nemelex Xobeh.
  8462 | D:12     | Noticed a deep elf pyromancer
  8468 | D:12     | Reached skill level 12 in Unarmed Combat
  8476 | D:12     | Killed a deep elf pyromancer
  8765 | D:12     | Noticed Jorgrun
  8783 | D:12     | HP: 2/113 [Jorgrun/iron shot (25)]
  8785 | D:12     | Slain by Jorgrun

Illustrated notes

Levels and vault maps discovered:
D:1:      minmay_arrival_four_loops, layout_loops_ring,
          hellmonk_ecumenical_altar_watching_god
D:2:      layout_loops_ring, serial_shops, shop, shop, nicolae_lakefront_shop,
          nicolae_shop_window_shopping, uniq_robin, uniq_jessica
D:3:      layout_loops_ring
D:4:      layout_basic, amcnicky_altar_gilded,
          mainiacjoe_ossuary_entry_dusty_tomb, uniq_ijyb, uniq_menkaure,
          uniq_grinder
D:5:      layout_basic, minmay_temple_entry_stoned_glass, corexii_shack
D:6:      layout_cave_pools, okawaru_ov_weapons_minmay,
          kennysheep_generic_room_11
D:7:      layout_basic, serial_curves, eino_curves_04, eino_curves_01,
          uniq_pikel
D:8:      layout_cave_pools, nicolae_uskayaw_suspiria, enter_bailey_6,
          serial_rivers, chequers_serial_rivers_room_b,
          chequers_serial_rivers_large_a, chequers_serial_rivers_micro_c,
          chequers_serial_rivers_room_a, chequers_serial_rivers_large_b,
          chequers_serial_rivers_marsh, uniq_joseph
D:9:      layout_long_grid, erik_lair_orcish_takeover, serial_shops,
          nicolae_shop_trees, kennysheep_generic_room_14
D:10:     layout_rooms, enter_trove_1, kennysheep_potato
D:11:     layout_rooms, zombieorc2_lemuel, serial_shops,
          nicolae_inconvenience_store, nicolae_shop_tiny_statue_garden, shop,
          shop, shop, nemelex_spade_bored_becter
D:12:     layout_roguey, special_room [special_room_orc], uniq_jorgrun
Temple:   hellmonk_temple_divided_pantheon

Skill      XL: |  1  2  3  4  5  6  7  8  9 10 11 |
---------------+----------------------------------+-----
Fighting       | 3 4 5 6 7 8 |  8.3
Dodging        | 3 4 5 6 7 8 |  8.2
Unarmed Combat | 4 5 6 7 8 9 12 | 12.5
Ranged Weapons | 3 |  3.9

Action                     |  1- 3 |  4- 6 |  7- 9 | 10-12 || total
---------------------------+-------+-------+-------+-------++-------
  Melee: Unarmed           |    65 |   128 |   209 |   322 ||   724
         Punch             |       |     3 |     3 |    21 ||    27
         Kick              |       |       |    54 |    78 ||   132
   Fire: Heavy crossbow    |       |       |       |    44 ||    44
 Invoke: Berserk           |       |       |       |     2 ||     2
  Evoke: Wand              |       |     5 |     5 |    18 ||    28
    Use: Scroll            |       |     7 |     2 |     5 ||    14
         Potion            |       |     3 |       |     2 ||     5
   Stab: Sleeping          |     1 |     3 |     9 |       ||    13
 Armour: Animal skin       |    30 |   100 |   123 |       ||   253
         Steam dragon scal |       |       |    12 |   272 ||   284
  Dodge: Dodged            |    29 |    78 |    98 |   205 ||   410
